 Dungeon Crawl Stone Soup version 0.19.1-1-g22dce08 (webtiles) character file.

163 Gargoyl the Skirmisher (level 5, 0/46 HPs)
             Began as a Ghoul Abyssal Knight on Jan 18, 2017.
             Was a Believer of Lugonu.
             Killed by divine providence
             ... invoked by an orc priest
              (15 damage)
             ... on level 3 of the Dungeon.
             The game lasted 00:05:32 (1702 turns).

Gargoyl the Skirmisher (Ghoul Abyssal Knight)       Turns: 1702, Time: 00:05:32

Health: 0/46       AC: 10    Str: 16    XL:     5   Next: 44%
Magic:  6/6        EV:  6    Int:  7    God:    Lugonu [**....]
Gold:   179        SH:  9    Dex:  9    Spells: 0 memorised, 4 levels left

rFire  . . .     SeeInvis .     a - +1 hand axe
rCold  + + .     Gourm    .     r - +0 scale mail
rNeg   + + +     Faith    .     m - +2 shield {rC+}
rPois  ∞         Spirit   .     (no helmet)
rElec  .         Reflect  .     j - +0 cloak
rCorr  .         Harm     .     e - +1 pair of gloves {archery}
MR     .....                    (no boots)
Stlth  ..........               (no amulet)
                                (no ring)
                                (no ring)

@: rotting
A: rotting body, claws 1, carnivore 3, cold resistance 1, negative energy
resistance 3, slow regeneration 1, torment resistance, unbreathing
a: Depart the Abyss, Bend Space, Renounce Religion


You were on level 3 of the Dungeon.
You worshipped Lugonu.
Lugonu was pleased with you.
You were not hungry.

You visited 1 branch of the dungeon, and saw 3 of its levels.
You visited the Abyss 1 time.

You collected 179 gold pieces.

Inventory:

Hand Weapons
 a - a +1 hand axe (weapon)
Armour
 e - a +1 pair of gloves of archery (worn)
 j - a +0 cloak (worn)
 m - a +2 shield of cold resistance (worn)
 r - a +0 scale mail (worn)
Wands
 d - a wand of flame (43/48)
Scrolls
 g - 3 scrolls of recharging
 i - a scroll of remove curse {unknown}
Potions
 b - a potion of mutation {unknown}
 f - a potion of invisibility {unknown}
 h - a potion of ambrosia {unknown}
 n - a potion of flight {unknown}
 o - 2 potions of lignification {unknown}
 q - 2 potions of magic {unknown}
Comestibles
 c - a meat ration
 k - 5 chunks of flesh
 l - a beef jerky


   Skills:
 + Level 4.0 Fighting
 + Level 2.8 Axes
 * Level 2.9 Armour
 + Level 1.1 Dodging
 + Level 0.8 Shields
 * Level 3.2 Invocations


You had 4 spell levels left.
You didn't know any spells.

Dungeon Overview and Level Annotations

Branches:
Dungeon (3/15)

Altars:


Innate Abilities, Weirdness & Mutations

Your body is rotting away.
You thrive on raw meat.
You are immune to poison.
You have sharp fingernails.
You are carnivorous and can eat meat at any time.
Your flesh is cold resistant. (rC+)
You are immune to negative energy. (rN+++)
You regenerate slowly when monsters are visible.
You are immune to unholy pain and torment.
You can survive without breathing.


Message History

The orc priest calls down the wrath of Beogh upon you.
You are unaffected.
You block the orc's attack.
The orc priest calls upon Beogh to heal the orc priest.
The orc priest is healed somewhat.
The orc priest hits you but does no damage.
You hit the orc priest.
The orc priest is heavily wounded.
You closely miss the orc priest. You closely miss the orc.
The orc hits you but does no damage.
The orc priest invokes the aid of Beogh against you.
Beogh smites you! The orc priest hits you with a dagger.
Unknown command.
You barely miss the orc priest.
The orc priest is heavily wounded.
Your shield and scale mail prevent you from hitting the orc.
You hit the orc priest but do no damage.
The orc hits you but does no damage. You block the orc priest's attack.
The orc priest invokes the aid of Beogh against you.
Beogh smites you!
You die...

...<...)..# ## .##
#.#######<# .. ..#
#.#.# ##.#####.## .#
#..# #.#.# #..........
.# #..# #.#.#
####...######. .# #..#
#.#.# #......# .# #..#
#.#.# #.##..## .###..#
#.#.###.##.)# ......#
#.#..o@<##..#
...)..#####.....oo....#
.....oo(.(...........##
######################


You could see 2 orc priests and an orc.

Vanquished Creatures
  Terence (D:2)
  Ijyb (D:3)
  3 adders
  2 oozes
  2 worms (D:2)
  3 dart slugs
  A leopard gecko (D:1)
  3 orcs
  13 hobgoblins
  2 jackals (D:3)
  3 kobolds (D:2)
  2 quokkas (D:2)
  A ball python (D:2)
  A bat (D:2)
  3 frilled lizards
  11 goblins
  8 rats
60 creatures vanquished.

Notes
Turn   | Place    | Note
-------+----------+-------------------------------------------
     0 | Abyss:1  | Gargoyl the Ghoul Abyssal Knight began the quest for the Orb.
     0 | Abyss:1  | Reached XP level 1. HP: 19/19 MP: 1/1
    44 | Abyss:2  | Noticed a spatial vortex
    53 | Abyss:2  | Noticed a flying skull
    61 | D:1      | Escaped the Abyss
   306 | D:1      | Reached XP level 2. HP: 21/26 MP: 2/2
   311 | D:1      | Reached * piety under Lugonu
   633 | D:1      | Reached XP level 3. HP: 31/31 MP: 3/3
  1009 | D:2      | Reached skill level 1 in Dodging
  1014 | D:2      | Reached XP level 4. HP: 34/40 MP: 5/5
  1172 | D:2      | Reached ** piety under Lugonu
  1532 | D:3      | Noticed Ijyb
  1546 | D:3      | Killed Ijyb
  1546 | D:3      | Reached XP level 5. HP: 38/46 MP: 6/6
  1581 | D:3      | Found a faded altar of an unknown god.
  1584 | D:3      | Noticed Terence
  1674 | D:2      | Killed Terence
  1674 | D:2      | Reached skill level 4 in Fighting
  1702 | D:3      | Killed from afar by an orc priest

Skill      XL: |  1  2  3  4  5 |
---------------+----------------+-----
Axes           | 2 |  2.8
Armour         | 2 |  2.9
Dodging        | 1 |  1.1
Invocations    | 3 |  3.2
Fighting       | 4 |  4.0
Shields        | |  0.8

Action                   |  1- 3 |  4- 6 || total
-------------------------+-------+-------++-------
Melee: Hand axe          |    83 |   139 ||   222
Invok: Depart the Abyss  |     1 |       ||     1
  Use: Scroll            |     4 |       ||     4
  Eat: Chunk             |    13 |    24 ||    37
Armor: Leather armour    |    21 |       ||    21
       Scale mail        |     1 |   101 ||   102
Dodge: Dodged            |    45 |    42 ||    87
Block: Shield            |    21 |   101 ||   122
